 Dungeon Crawl Stone Soup version 0.27-a0-277-g024f7ef292 (webtiles) character file.

Game seed: 8575577632299953779

44 Glundar the Covered (level 3, -3/33 HPs)
             Began as a Minotaur Fighter on Feb 5, 2021.
             Slain by a gnoll
             ... wielding a cursed -3 halberd
              (4 damage)
             ... on level 2 of the Dungeon.
             The game lasted 00:03:18 (1176 turns).

Glundar the Covered (Minotaur Fighter)              Turns: 1176, Time: 00:03:20

Health: -3/33      AC:  7    Str: 21    XL:     3   Next: 41%
Magic:  2/2        EV:  7    Int:  5    God:
Gold:   94         SH:  9    Dex:  9    Spells: 2/2 levels left

rFire    . . .     SeeInvis .   a - +0 war axe
rCold    . . .     Faith    .   c - +0 kite shield
rNeg     . . .     Spirit   .   b - +0 scale mail
rPois    .         Reflect  .   (helmet restricted)
rElec    .         Harm     .   (no cloak)
rCorr    .         Rampage  .   (no gloves)
Will     .....                  (no boots)
Stlth    ..........             (no amulet)
HPRegen  0.11/turn              (no ring)
MPRegen  0.08/turn              (no ring)

@: no status effects
A: retaliatory headbutt, horns 2
a: no special abilities


You were on level 2 of the Dungeon.
You visited 1 branch of the dungeon, and saw 2 of its levels.

You collected 94 gold pieces.

Inventory:

Hand Weapons
 a - a +0 war axe (weapon)
Armour
 b - a +0 scale mail (worn)
 c - a +0 kite shield (worn)
Scrolls
 f - a scroll of random uselessness {unknown}
 g - a scroll of fog {unknown}
 h - 2 scrolls of enchant armour {unknown}
 i - 2 scrolls of remove curse {unknown}
 j - a scroll of magic mapping {unknown}
 m - a scroll of fear {unknown}
 o - a scroll of identify {unknown}
 q - a scroll of teleportation {unknown}
Potions
 d - a potion of might
 e - a potion of ambrosia {unknown}
 k - a potion of curing {unknown}
 l - a potion of lignification {unknown}
 n - a potion of degeneration {unknown}
 p - 2 potions of invisibility {unknown}


   Skills:
 + Level 4.0 Fighting
 + Level 2.7 Axes
 + Level 4.4 Armour
 + Level 0.4 Dodging
 + Level 4.1 Shields


You had 2 spell levels left.
You didn't know any spells.
Your spell library was empty.

Dungeon Overview and Level Annotations

Branches:
Dungeon (2/15)

Altars:


Innate Abilities, Weirdness & Mutations

You reflexively headbutt those who attack you in melee.
You have a pair of horns on your head.


Message History

The gnoll hits you from afar with a +0 spear!
You hit the gnoll. Your headbutt misses the gnoll.
The gnoll is severely wounded.
You block the gnoll's attack.
The gnoll hits you from afar with a +0 spear.
The gnoll hits you but does no damage.
The gnoll hits you from afar with a +0 spear.
You slash the gnoll!
You kill the gnoll!
The gnoll closely misses you. The gnoll hits you but does no damage.
The gnoll hits you with a +0 spear. You block the gnoll's attack.
You closely miss the gnoll. The gnoll hits you but does no damage.
You block the gnoll's attack. x2
You slash the gnoll! Your headbutt misses the gnoll.
The gnoll is almost dead.
The gnoll hits you from afar with a cursed -3 halberd!
* * * LOW HITPOINT WARNING * * *
You block the gnoll's attack. The gnoll barely misses you.
The gnoll hits you from afar with a cursed -3 halberd.
You die...

......## ##l.#...
...?.>.# ...#.# #...#
#### g..##...###
#######..# ..........#
##........#
...##....g#####..###...##
#
##...gg@.##.###..#######
#....##.........#....#≈
#.#......#...........#≈
#.#....##............'.
#..................).'.
##.....##............'.
#..###.##........(...#≈
##.## #.###...........#≈
####..# #.#
#...........##


You could see 3 gnolls.

Vanquished Creatures
  A gnoll (D:2)
  A giant cockroach (D:2)
  2 goblins (D:1)
  4 hobgoblins (D:1)
  8 kobolds
  2 quokkas (D:2)
  8 bats
  6 frilled lizards
  4 rats
36 creatures vanquished.

Notes
Turn   | Place    | Note
-------+----------+-------------------------------------------
     0 | D:1      | Glundar the Minotaur Fighter began the quest for the Orb.
     0 | D:1      | Reached XP level 1. HP: 19/19 MP: 0/0
   146 | D:1      | Reached XP level 2. HP: 27/27 MP: 1/1
   976 | D:2      | Reached XP level 3. HP: 33/33 MP: 2/2
  1176 | D:2      | HP: 1/33 [gnoll/cursed -3 halberd (12)]
  1176 | D:2      | Slain by a gnoll

Illustrated notes

Levels and vault maps discovered:
D:1:      lightli_arrival_statuegarden, layout_loops_ring, minmay_hexomino_p4
D:2:      layout_rooms, makhleb_altar_promises_db, kennysheep_cluttered_room,
          tgw_xom

Skill      XL: |  1  2 |
---------------+-------+-----
Armour         | 4 |  4.4
Fighting       | 4 |  4.0
Shields        | 4 |  4.1
Axes           | |  2.7
Dodging        | |  0.4

Action                   || total
-------------------------++-------
Melee: War axe           ||   100
       Headbutt          ||     7
Armor: Scale mail        ||    52
Dodge: Dodged            ||    32
Block: Kite shield       ||    62

Table legend: (Time is in decaauts)
 A = Elapsed time spent in this place.
 B = Non-inter-level travel time spent in this place.
 C = Inter-level travel time spent in this place.
 D = Time resting spent in this place.
 E = Time spent auto-exploring this place.
 F = Levels seen in this place.
 G = Mean time per level.
                   A        B        C        D        E       F      G
               +--------+--------+--------+--------+--------+-----+--------+
         Total |   1238 |   1156 |     82 |      0 |    888 |   2 |  619.0 |
       Dungeon |   1238 |   1156 |     82 |      0 |    888 |   2 |  619.0 |
               +--------+--------+--------+--------+--------+-----+--------+

Top non-repeatable levels by time:
     D:1: 893 daAuts
     D:2: 344 daAuts
